 Dungeon Crawl Stone Soup version bcrawl-1.21.2-20-g6d45ba5942 (webtiles) character file.

Game seed: 5657714813343876004

25 Revguard the Grave Robber (level 3, 0/28 HPs)
             Began as a Ghoul Necromancer on Feb 26, 2020.
             Slain by a worker ant (4 damage)
             ... on level 2 of the Dungeon.
             The game lasted 00:05:34 (1053 turns).

Revguard the Grave Robber (Ghoul Necromancer)       Turns: 1053, Time: 00:05:34

Health: 0/28       AC:  2    Str: 11    XL:     3   Next: 6%
Magic:  5/5        EV: 12    Int: 11    God:
Gold:   105        SH:  0    Dex:  9    Spells: 4/6 levels left

rFire    + . .     SeeInvis .   (no weapon)
rCold    + + .     Gourm    .   (no shield)
rNeg     + + +     Faith    .   b - +0 robe
rPois    ∞         Spirit   .   (no helmet)
rElec    +         Reflect  .   (no cloak)
rCorr    +         Harm     .   (no gloves)
MR       .....                  (no boots)
Stlth    ++........             (no amulet)
HPRegen  0.00/turn              (no ring)
MPRegen  0.09/turn              (no ring)

@: resistant, rotting
A: rotting body, claws 1, carnivore, cold resistance 1, negative energy
resistance 3, inhibited regeneration, torment resistance, unbreathing
a: no special abilities


You were on level 2 of the Dungeon.
You were not hungry.

You visited 1 branch of the dungeon, and saw 2 of its levels.

You collected 105 gold pieces.

Inventory:

Armour
 b - a +0 robe (worn)
Scrolls
 c - 3 scrolls of enchant weapon {unknown}
 d - a scroll of teleportation {unknown}
 f - a scroll of identify {unknown}
Comestibles
 e - a ration {!d}


   Skills:
 * Level 1.0 Fighting
 + Level 1.9 Dodging
 + Level 2.5 Stealth
 * Level 0.6 Unarmed Combat
 * Level 2.0 Spellcasting
 + Level 6.4 Necromancy


You had 4 spell levels left.
You knew the following spells:

 Your Spells              Type           Power        Failure   Level  Hunger
a - Animate Skeleton      Necr           N/A          2%          1    ##.....
b - Pain                  Necr           ###...       2%          1    ##.....

Your spell library contained the following spells:

 Spells                   Type           Power        Failure   Level  Hunger
 Vampiric Draining        Necr           ###.......   6%          3    ####...
 Animate Dead             Necr           N/A          22%         4    #####..
 Regeneration             Chrm/Necr      #.........   24%         3    ####...
 Bolt of Draining         Conj/Necr      #.........   91%         5    ######.


Dungeon Overview and Level Annotations

Branches:
Dungeon (2/12)

Altars:


Innate Abilities, Weirdness & Mutations

Your body is rotting away.
You thrive on raw meat.
You are immune to poison.
You have sharp fingernails.
You are carnivorous and can eat meat at any time.
Your flesh is cold resistant. (rC+)
You are immune to negative energy. (rN+++)
You do not regenerate when monsters are visible.
You are immune to unholy pain and torment.
You can survive without breathing.


Message History

Aim: a worker ant (heavily wounded, chance to defeat MR: 80%)
The leopard gecko writhes in agony.
You kill the leopard gecko!
Your Spellcasting skill increases to level 2!
You scratch the worker ant.
The worker ant is heavily wounded.
The worker ant misses you.
You scratch the worker ant but do no damage.
The worker ant is heavily wounded.
The worker ant bites you. x2
* * * LOW HITPOINT WARNING * * *
You scratch the worker ant.
The worker ant is severely wounded.
The worker ant closely misses you.
It was a potion of resistance.
You feel protected. The worker ant barely misses you.
It was a potion of magic.
Magic courses through your body. The worker ant bites you.
You die...

.?. .... #######...
.#.#.#####.........
.......@ag.^....# #
####<.###..?....#.#
#..< ##.......>#
##..# #.......##
#...##.=.....#
#...........#
#...?......=#
##....######...
..##....#########..


You could see a worker ant and a hobgoblin.

Vanquished Creatures
  3 leopard geckos
  A giant cockroach (D:1)
  3 goblins (D:1)
  2 hobgoblins (D:1)
  A kobold (D:1)
  A ball python (D:2)
  3 bats
  2 frilled lizards (D:1)
  5 rats (D:1)
21 creatures vanquished.

Vanquished Creatures (collateral kills)
  A goblin (D:1)
  A rat (D:1)
2 creatures vanquished.

Grand Total: 23 creatures vanquished

Notes
Turn   | Place    | Note
-------+----------+-------------------------------------------
     0 | D:1      | Revguard the Ghoul Necromancer began the quest for the Orb.
     0 | D:1      | Reached XP level 1. HP: 14/14 MP: 2/2
   130 | D:1      | Reached skill level 6 in Necromancy
   257 | D:1      | Reached XP level 2. HP: 22/22 MP: 0/3
   351 | D:1      | Reached skill level 1 in Fighting
  1030 | D:2      | Reached XP level 3. HP: 28/28 MP: 0/4
  1053 | D:2      | Slain by a worker ant

Skill      XL: |  1  2  3 |
---------------+----------+-----
Necromancy     | 6 |  6.4
Fighting       | 1 |  1.0
Spellcasting   | 2 |  2.0
Dodging        | |  1.9
Stealth        | |  2.5
Unarmed Combat | |  0.6

Action                   || total
-------------------------++-------
Melee: Dagger            ||    21
       Unarmed           ||    22
 Cast: Pain              ||    20
       Animate Skeleton  ||    10
  Use: Potion            ||     2
 Stab: Sleeping          ||     2
  Eat: Chunk             ||     6
Armor: Robe              ||    11
Dodge: Dodged            ||    30
